 Dungeon Crawl Stone Soup version 0.22-a0-231-g1b571ea (webtiles) character file.

786 RoseArtemis the Skirmisher (level 7, 0/64 HPs)
             Began as a Minotaur Fighter on Feb 20, 2018.
             Was a Follower of Qazlal.
             Succumbed to a killer bee's poison
             ... on level 5 of the Dungeon.
             The game lasted 00:12:48 (4931 turns).

RoseArtemis the Skirmisher (Minotaur Fighter)       Turns: 4931, Time: 00:12:49

Health: 0/64       AC:  8    Str: 22    XL:     7   Next: 56%
Magic:  6/6        EV:  7    Int:  5    God:    Qazlal [*.....]
Gold:   326        SH: 12    Dex: 13    Spells: 6/6 levels left

rFire    . . .     SeeInvis .   a - +0 flail
rCold    . . .     Gourm    .   c - +0 shield
rNeg     . . .     Faith    .   b - +0 scale mail
rPois    .         Spirit   .   (helmet restricted)
rElec    .         Reflect  .   (no cloak)
rCorr    .         Harm     .   (no gloves)
MR       .....                  j - +0 pair of boots
Stlth    ..........             (no amulet)
HPRegen  0.20/turn              w - +3 ring of dexterity
MPRegen  0.10/turn              (no ring)

@: lethally poisoned (0 -> -9), hasted, very quick
A: retaliatory headbutt, horns 2
a: Renounce Religion


You were on level 5 of the Dungeon.
You worshipped Qazlal.
Qazlal was aware of your devotion.
You were not hungry.

You visited 1 branch of the dungeon, and saw 5 of its levels.
You also visited: Sewer.

You collected 326 gold pieces.

Inventory:

Hand Weapons
 a - a +0 flail (weapon)
Armour
 b - a +0 scale mail (worn)
 c - a +0 shield (worn)
 j - a +0 pair of boots (worn)
 t - a +2 pair of boots
Jewellery
 w - a +3 ring of dexterity (left hand)
Wands
 h - a wand of enslavement (15)
 x - a wand of scattershot (4)
 y - a wand of polymorph (9)
Scrolls
 e - a scroll of magic mapping {unknown}
 k - a scroll of fog {unknown}
 l - a scroll of random uselessness {unknown}
 p - 3 scrolls of teleportation
 r - a scroll of enchant weapon
 v - a scroll of fear {unknown}
 z - a scroll of blinking {unknown}
Potions
 d - a potion of haste
 g - a potion of magic {unknown}
 i - a potion of mutation {unknown}
 m - a potion of invisibility {unknown}
 n - 3 potions of flight {unknown}
 o - a potion of degeneration {unknown}
 q - a potion of cancellation {unknown}
 s - 2 potions of heal wounds {unknown}
 A - a potion of curing {unknown}
Comestibles
 f - 7 rations


   Skills:
 + Level 6.6 Fighting
   Level 3.1(4.9) Axes
 * Level 5.9(6.2) Maces & Flails
 + Level 5.1 Armour
 - Level 5.5 Shields


You had 6 spell levels left.
You didn't know any spells.

Dungeon Overview and Level Annotations

Branches:
Dungeon (5/15)
 Temple: D:4-7

Altars:
Ashenzari
Cheibriados
Fedhas
Kikubaaqudgha
Makhleb
Qazlal
Vehumet
Wu Jian


Innate Abilities, Weirdness & Mutations

You reflexively headbutt those who attack you in melee.
You have a pair of horns on your head.


Message History

You block the killer bee's attack.
* * * LOW HITPOINT WARNING * * *
You feel sick. You block the killer bee's attack.
The killer bee barely misses you. You block the killer bee's attack.
* * * LOW HITPOINT WARNING * * *
You feel sick.
* * * LOW HITPOINT WARNING * * *
You feel sick.
The killer bee stings you but does no damage.
It was a potion of haste.
You feel yourself speed up.
* * * LOW HITPOINT WARNING * * *
You feel sick. The killer bee barely misses you.
You block the killer bee's attack.
* * * LOW HITPOINT WARNING * * *
You feel sick.
* * * LOW HITPOINT WARNING * * *
You feel sick. You block the killer bee's attack.
There is a stone staircase leading up here.
You die...

### #@# #y# #y#
#y# #y# #y########
#.h.......
#########Z........
..................


You could see 5 killer bees, a worker ant zombie and a jackal.

Vanquished Creatures
  Grinder (D:4)
  Menkaure (D:4)
  Purgy (Sewer)
  A howler monkey (D:4)
  3 orc priests
  A hound (D:4)
  An orc wizard (D:3)
  A bullfrog skeleton (D:4)
  Natasha (D:2)
  A worker ant (D:4)
  A howler monkey skeleton (D:4)
  2 adders
  A shadow imp (D:4)
  2 oozes
  2 worms
  A dart slug (D:1)
  A leopard gecko (D:4)
  7 orcs
  5 bats
  A giant cockroach (D:4)
  4 goblins
  3 hobgoblins
  5 kobolds
  A quokka (D:3)
  2 ball pythons (Sewer)
  9 frilled lizards
  5 rats
64 creatures vanquished.

Notes
Turn   | Place    | Note
-------+----------+-------------------------------------------
     0 | D:1      | RoseArtemis the Minotaur Fighter began the quest for the Orb.
     0 | D:1      | Reached XP level 1. HP: 19/19 MP: 0/0
   458 | D:1      | Reached XP level 2. HP: 22/27 MP: 1/1
  1196 | D:2      | Found a stormy altar of Qazlal.
  1201 | D:2      | Became a worshipper of Qazlal Stormbringer
  1370 | D:2      | Reached skill level 4 in Fighting
  1437 | D:2      | Reached XP level 3. HP: 31/33 MP: 2/2
  1570 | D:2      | Noticed Natasha
  1579 | D:2      | Killed Natasha
  1822 | D:3      | Found an ancient bone altar of Kikubaaqudgha.
  1825 | D:3      | Found a blossoming altar of Fedhas.
  1899 | D:3      | Reached XP level 4. HP: 39/41 MP: 3/3
  2381 | D:3      | Found an ornate altar of the Wu Jian Council.
  2381 | D:3      | Found a snail-covered altar of Cheibriados.
  2381 | D:3      | Found a radiant altar of Vehumet.
  2381 | D:3      | Found a burning altar of Makhleb.
  2461 | D:3      | Found a shattered altar of Ashenzari.
  2533 | D:3      | Reached XP level 5. HP: 47/47 MP: 4/4
  2560 | D:3      | Reached * piety under Qazlal
  2892 | D:4      | Reached skill level 5 in Maces & Flails
  2902 | D:4      | Reached skill level 1 in Axes
  2912 | D:4      | Found a glowing drain.
  2926 | Sewer    | Entered a sewer
  2991 | Sewer    | Noticed Purgy
  3018 | Sewer    | Killed Purgy
  3018 | Sewer    | Reached skill level 5 in Fighting
  3018 | Sewer    | Reached skill level 5 in Armour
  3018 | Sewer    | Reached XP level 6. HP: 47/56 MP: 5/5
  3464 | D:4      | Noticed Grinder
  3465 | D:4      | Paralysed by Grinder for 6 turns
  3474 | D:4      | Paralysed by Grinder for 7 turns
  3486 | D:4      | Paralysed by Grinder for 4 turns
  3873 | D:4      | Noticed Menkaure
  3888 | D:4      | Killed Menkaure
  3888 | D:4      | Reached XP level 7. HP: 36/62 MP: 6/6
  4630 | D:4      | Paralysed by Grinder for 6 turns
  4641 | D:4      | Killed Grinder
  4641 | D:4      | Reached skill level 6 in Fighting
  4641 | D:4      | Reached skill level 5 in Shields
  4867 | D:5      | Entered Level 5 of the Dungeon
  4926 | D:5      | HP: 3/64 [poisoned by a killer bee]
  4929 | D:5      | HP: 1/64 [poisoned by a killer bee]
  4931 | D:5      | Succumbed to a killer bee's poison

Vault maps used:
D:1:      minmay_arrival_split_and_join, minmay_unequal
D:2:      lemuel_crystal_altar, uniq_natasha
D:3:      cheibrodos_pilgrimage, grunt_temple_overflow_growth_and_decay,
          grunt_temple_overflow_cloverleaf, lemuel_tele_altar
D:4:      first_ration, cheibrodos_sewer_entry_sluice, uniq_grinder,
          uniq_menkaure
D:5:      nicolae_ru_sacrificial_ziggurat, grunt_temple_overflow_diamond,
          grunt_dithmenos_shadows, uniq_eustachio, uniq_pikel
Sewer:    sewer_co_purgy_island

Skill      XL: |  1  2  3  4  5  6  7 |
---------------+----------------------+-----
Maces & Flails | 3 4 5 |  5.9
Armour         | 4 5 |  5.1
Fighting       | 4 5 6 |  6.6
Axes           | 1 3 |  3.1
Shields        | 4 5 |  5.5

Action                   |  1- 3 |  4- 6 |  7- 9 || total
-------------------------+-------+-------+-------++-------
Melee: Flail             |    68 |   130 |    21 ||   219
       Headbutt          |     8 |    20 |     2 ||    30
  Use: Scroll            |     3 |     1 |     3 ||     7
       Potion            |       |     4 |     1 ||     5
  Eat: Chunk             |     2 |     2 |       ||     4
       Ration            |       |     2 |     1 ||     3
Armor: Scale mail        |    31 |    54 |    15 ||   100
Dodge: Dodged            |    18 |    45 |    13 ||    76
Block: Shield            |    19 |   104 |    16 ||   139

Table legend:
 A = Spawn XP
 B = Non-spawn XP
 C = Spawn XP percentage of total XP
 D = Spawn monster count
 E = Non-spawn monster count
 F = Spawn count percentage of total count
 G = Total turns spent on level
                    A         B        C        D         E        F      G
               +---------+---------+-------+---------+---------+-------+---------
         Total |       0 |    1123 |   0.0 |       0 |      64 |   0.0 |  4931
               +---------+---------+-------+---------+---------+-------+---------
           D:1 |       0 |      26 |   0.0 |       0 |      12 |   0.0 |  1163
           D:2 |       0 |      61 |   0.0 |       0 |       9 |   0.0 |   653
           D:3 |       0 |     111 |   0.0 |       0 |      16 |   0.0 |  1171
           D:4 |       0 |     784 |   0.0 |       0 |      19 |   0.0 |  1527
         Sewer |       0 |     141 |   0.0 |       0 |       8 |   0.0 |   353
               +---------+---------+-------+---------+---------+-------+---------
